 Dungeon Crawl Stone Soup version 0.30.1-4-g462c640d31 (console) character file.

Game seed: 9256373683100307564

181 2tc the Insei (level 5, 0/40 HPs)
             Began as a Draconian Transmuter on Aug 22, 2023.
             Slain by an orc wizard
             ... wielding a +0 dagger
              (1 damage)
             ... on level 4 of the Dungeon.
             The game lasted 00:10:01 (3023 turns).

2tc the Insei (Draconian Transmuter)                Turns: 3023, Time: 00:10:01

Health: 0/40       AC:  5    Str: 11 (12) XL:     5   Next: 34%
Magic:  8/8        EV: 12    Int: 12 (14) God:
Gold:   88         SH:  0    Dex: 11 (13) Spells: 5/8 levels left

rFire   . .          .
                       - Unarmed
rCold   . . .        (no shield)
rNeg    . . .        (body armour unavailable)
rPois   .            (helmet restricted)
rElec   .            (no cloak)
rCorr   .            (no gloves)
SInv    .            (no boots)
Will    .....        n - amulet of the acrobat
Stlth   +            (no ring)
HPRegen 0.26/turn    (no ring)
MPRegen 0.11/turn

%: acrobat
@: attractive
A: AC +5, unfitting armour, cold-blooded
a: no special abilities


You were on level 4 of the Dungeon.
You visited 1 branch of the dungeon, and saw 4 of its levels.

You collected 88 gold pieces.

Inventory:

Jewellery
 n - an amulet of the acrobat (around neck)
Wands
 h - a wand of flame (36)
 j - a wand of mindburst (10)
Scrolls
 i - a scroll of blinking
 m - a scroll of amnesia
Potions
 a - a potion of lignification
 c - a potion of mutation {unknown}
 d - a potion of haste {unknown}
 e - a potion of curing
 f - a potion of heal wounds {unknown}
 g - 2 potions of flight {unknown}
 k - a potion of degeneration
 l - a potion of might {unknown}


   Skills:
 - Level 1.1 Fighting
 - Level 1.7 Dodging
 * Level 5.5 Unarmed Combat
 - Level 2.0 Spellcasting
 + Level 3.1 Transmutations


You had 5 spell levels left.
You knew the following spells:

 Your Spells              Type           Power      Damage    Failure   Level
a - Beastly Appendage     Tmut           16%        N/A       8%          1
b - Wereblood             Tmut           8%         N/A       12%         2

Your spell library contained the following spells:

 Spells                   Type           Power      Damage    Failure   Level
 Spider Form              Tmut/Pois      4%         N/A       41%         3
 Inner Flame              Hex/Fire       1%         N/A       63%         3
 Ice Form                 Ice/Tmut       4%         N/A       82%         4
 Flame Wave               Conj/Fire      1%         2d4       95%         4
 Sticky Flame             Conj/Fire      1%         2d3       95%         4


Dungeon Overview and Level Annotations

Branches:
Dungeon (4/15)
 Temple: D:4-7

Altars:
Hepliaklqana
Ru
Vehumet

Shops:
D:1 :   D:3 *

Annotations:
D:3 3 runed translucent doors, FishyPogo's ghost, amateur GnWn


Innate Abilities, Weirdness & Mutations

Your plain brown scales are hard. (AC +5)
You cannot fit into any form of body armour.
You are cold-blooded and may be slowed by cold attacks.


Message History

Items here: )) [[ †.
Your horns disappear.
Your talons disappear.
You hear some strange, mumbled words.
You are confused.
You closely miss something.
Your tail-slap misses something.
You punch something! Something hits you. Something hits you.
You hear some strange, mumbled words.
A puff of flame appears from out of thin air!
The puff of flame hits you!
Your primal bloodlust is almost over.
Something completely misses you. Something barely misses you.
Items here: )) [[ †.
You howl as the wereblood boils in your veins!
Things that are here:
a +0 short sword; an orc corpse You feel better.
Something barely misses you.
You barely miss something. You punch something.
Something completely misses you.
You closely miss something. Something hits you.
You miss something.
You hear some strange, mumbled words.
A puff of flame appears from out of thin air!
The puff of flame hits you!
You barely miss something.
Your primal bloodlust has ended.
You hear some strange, mumbled words.
A puff of flame appears from out of thin air!
The puff of flame hits you!
* * * LOW HITPOINT WARNING * * *
It was a potion of degeneration.
There was something very wrong with that liquid.
You feel weakened.
You feel dopey.
You feel clumsy. Something hits you.
* * * LOW HITPOINT WARNING * * *
It was a potion of attraction.
You feel attractive to monsters. Something hits you.
You die...

###..........
##................:.(#..
........................
........................#
........................#
.....................#..#.
....<>#..................
..###..##..............#
##..........@..#.#
##..##..##.{)...#
#......####....#
#..#.....#.....#
####.>..##.....#
##.....##.......
#....########..## ##...#
### #####


There were no monsters in sight!

Vanquished Creatures
  Ijyb (D:3)
  An orc wizard (D:3)
  Robin (D:3)
  A gnoll (D:1)
  An adder (D:2)
  3 dart slugs
  8 orcs
  5 ball pythons
  6 bats
  5 endoplasms
  2 giant cockroaches
  14 goblins
  6 hobgoblins
  3 jackals (D:1)
  4 quokkas
  A frilled lizard (D:2)
  5 kobolds
  20 rats
87 creatures vanquished.

Notes
Turn   | Place    | Note
-------+----------+-------------------------------------------
     0 | D:1      | 2tc the Draconian Transmuter began the quest for the Orb.
     0 | D:1      | Reached XP level 1. HP: 16/16 MP: 3/3
   374 | D:1      | Reached XP level 2. HP: 22/23 MP: 5/5
   486 | D:1      | Found Itesutig's Book Shoppe.
   572 | D:1      | Reached skill level 4 in Unarmed Combat
   677 | D:1      | Reached XP level 3. HP: 27/28 MP: 4/6
  1311 | D:2      | Found a faded altar of an unknown god.
  1805 | D:3      | Noticed Robin
  1814 | D:3      | Reached XP level 4. HP: 30/35 MP: 5/7
  1816 | D:3      | Killed Robin
  1836 | D:2      | Learned a level 2 spell: Wereblood
  1932 | D:3      | Found a radiant altar of Vehumet.
  1934 | D:3      | Noticed Ijyb
  2059 | D:3      | Killed Ijyb
  2060 | D:3      | Reached skill level 5 in Unarmed Combat
  2384 | D:3      | Found a runed translucent gate.
  2384 | D:3      | Found a runed translucent gate.
  2384 | D:3      | Found a runed translucent gate.
  2387 | D:3      | Noticed FishyPogo's ghost (amateur GnWn)
  2401 | D:3      | Found a sacrificial altar of Ru.
  2426 | D:3      | Reached XP level 5. HP: 40/40 MP: 4/8
  2515 | D:3      | Found a hazy altar of Hepliaklqana.
  2746 | D:3      | Found Mineb's Assorted Antiques.
  3021 | D:4      | HP: 2/40 [something/puff of flame (11)]
  3023 | D:4      | Slain by an orc wizard

Illustrated notes

Levels and vault maps discovered:
D:1:      dpeg_arrival_simpleton_c, layout_loops_corners, serial_shops, shop,
          kennysheep_flooded_box, dreamdust_princess_corridor
D:2:      layout_loops_ring, nicolae_ecumenical_lake_church
D:3:      layout_loops_ring, worldfamousw_hep_ancestral_shrine,
          vehumet_altar_wand_db, general_overflow_altar, serial_shops,
          nicolae_shop_behind_doors, gammafunk_ghost_necromancy,
          minmay_rat_hole, uniq_robin, uniq_ijyb
D:4:      layout_cave_pools, mainiacjoe_overflow_alcove_1, kennysheep_mini,
          minmay_temple_entry_fiery, minmay_fractal_squares_5

Skill      XL: |  1  2  3  4 |
---------------+-------------+-----
Unarmed Combat | 4 5 |  5.5
Transmutations | 3 |  3.1
Fighting       | |  1.1
Dodging        | |  1.7
Spellcasting   | |  2.0

Action                     |  1- 3 |  4- 6 || total
---------------------------+-------+-------++-------
  Melee: Unarmed           |    98 |    93 ||   191
         Tailslap          |    13 |     8 ||    21
         Kick              |    14 |    13 ||    27
         Headbutt          |     8 |     9 ||    17
         Punch             |     2 |     3 ||     5
   Cast: Beastly Appendage |    22 |    10 ||    32
         Wereblood         |       |     4 ||     4
    Use: Scroll            |     5 |       ||     5
         Potion            |       |     4 ||     4
   Stab: Sleeping          |     1 |       ||     1
 Armour: Skin              |    24 |    19 ||    43
  Dodge: Dodged            |    67 |    49 ||   116
